 Dungeon Crawl Stone Soup version 0.30.0-5-g1a98f26d00 (webtiles) character file.

Game seed: 17617902044340391564

87130 SnakkuSnakku7 the Severer (level 16, -6/169 HPs)
             Began as a Djinni Berserker on May 10, 2023.
             Was the Champion of Trog.
             Mangled by a five-headed hydra simulacrum (14 damage)
             ... in an ice cave.
             The game lasted 00:37:48 (20102 turns).

SnakkuSnakku7 the Severer (Djinni Berserker)       Turns: 20102, Time: 00:37:48

Health: -6/169     AC: 27    Str: 29    XL:     16   Next: 36%
Gold:   828        EV:  9    Int: 15    God:    Trog [******] SH: 12 Dex:  8

rFire   + + +        a - +7 broad axe (freeze)
rCold   + . .        O - +2 kite shield {rN+}
rNeg    + + +        W - +7 plate armour of the Realm of Zot {rN+}
rPois   ∞            s - +2 hat
rElec   .            j - scarf {rC+ rF+}
rCorr   .            L - +2 pair of gloves of the Morning {rC- Slay+6}
SInv    .            (boots unavailable)
Will    +....        J - amulet "Kytt" {rC+ Regen+} Stlth
                     i - ring of ice
HPRegen 1.28/turn    h - ring "Opnemap" {rF+ rN+ Str+7 Int+6 Dex-5}
MPRegen 0.00/turn

%: infuse magic (-7 HP)
@: berserking, flying, studying Armour, very quick
A: sickness immunity, fire resistance 2, cold vulnerability 1, float, innate
caster, HP casting, extra vitality 1, clumsy 1
a: Renounce Religion, Berserk, Trog's Hand, Brothers in Arms


You were in an ice cave.
You worshipped Trog.
Trog was exalted by your worship.
You visited 3 branches of the dungeon, and saw 21 of its levels.
You also visited: Ice Cave and Volcano.

You collected 2621 gold pieces.
You spent 1793 gold pieces at shops.

Inventory:

Hand Weapons
 a - a +7 broad axe of freezing (weapon)
 b - the +6 battleaxe "Huxifemm" {flame, *Corrode Drain rElec rF+++}
   (Trog gifted it to you on level 10 of the Dungeon)

   rF:        It renders you almost immune to fire.
   rElec:     It insulates you from electricity.
   *Corrode:  It may corrode you when you take damage.
   Drain:     It drains your maximum health when unequipped.
Missiles
 c - 2 throwing nets
 k - 5 curare-tipped darts (quivered)
 F - 25 poisoned darts
Armour
 j - a scarf of resistance (worn)
 s - a +2 hat (worn)
 A - a +2 cloak of willpower
 L - the +2 pair of gloves of the Morning (worn) {rC- Slay+6}
   (You found it in a volcano)

   Slay:      It affects your accuracy & damage with ranged weapons and melee
   (+6).
   rC:        It makes you vulnerable to cold.
 O - a +2 kite shield of positive energy (worn)
 W - the +7 plate armour of the Realm of Zot (worn) {rN+}
   (You found it on level 13 of the Dungeon)

   rN:        It protects you from negative energy.
Jewellery
 h - the ring "Opnemap" (right hand) {rF+ rN+ Str+7 Int+6 Dex-5}
   (You found it on level 2 of the Dungeon)

   [ring of intelligence]

   Str:       It affects your strength (+7).
   Int:       It affects your intelligence (+6).
   Dex:       It affects your dexterity (-5).
   rF:        It protects you from fire.
   rN:        It protects you from negative energy.
 i - a ring of ice (left hand)
 l - a ring of protection from fire
 J - the amulet "Kytt" (around neck) {rC+ Regen+}
   (You acquired it on level 9 of the Dungeon)

   [amulet of regeneration]

   rC:        It protects you from cold.
   Regen:     It increases your rate of health regeneration.
 K - a ring of see invisible
 M - a +4 ring of protection
 S - a ring of resist corrosion
Wands
 f - a wand of iceblast (11)
 t - a wand of mindburst (12)
 v - a wand of digging (16)
 I - a wand of flame (53)
 N - a wand of polymorph (10)
 R - a wand of light (1)
 V - a wand of paralysis (15)
Scrolls
 m - 7 scrolls of blinking
 o - 4 scrolls of teleportation
 r - 2 scrolls of brand weapon
 u - 4 scrolls of enchant armour
 x - 3 scrolls of magic mapping
 y - 8 scrolls of immolation
 B - 5 scrolls of fog
 C - 3 scrolls of poison
 G - 4 scrolls of fear
 P - a scroll of silence
 Q - 6 scrolls of identify
Potions
 d - 2 potions of ambrosia
 g - 4 potions of haste
 n - 3 potions of berserk rage
 p - 12 potions of curing
 q - 5 potions of lignification
 w - 2 potions of attraction
 z - 7 potions of mutation
 D - 5 potions of might
 E - 2 potions of invisibility
 H - 5 potions of resistance
 U - 2 potions of heal wounds
Miscellaneous
 e - a phantom mirror


   Skills:
 - Level 10.0 Fighting
 - Level 18.0 Axes
 + Level 11.0 Armour
 - Level 8.1 Dodging
 - Level 10.0 Shields


You knew the following spells:

 Your Spells              Type           Power      Damage    Failure   Level
a - Freeze                Ice            0%         1d3       97%         1
b - Searing Ray           Conj           0%         2d4       99%         2
c - Ignite Poison         Fire/Tmut/Pois 0%         N/A       100%        3
d - Volatile Blastmotes   Fire/Tloc      0%         2d10      100%        3
e - Iskenderun's Battles  Conj           0%         2d6       100%        5
f - Summon Forest         Summ/Tloc      0%         N/A       100%        5
g - Summon Cactus Giant   Summ           0%         N/A       100%        6
Your spell library was empty.


Dungeon Overview and Level Annotations

Branches:
Dungeon (14/15)            Temple (0/1) D:5            Lair (5/5) D:11
  Swamp (0/4) Lair:2        Snake (0/4) Lair:3        Slime (0/5) Lair:4
    Orc (2/2) D:12            Elf (0/3) Orc:2        Vaults (0/5) D:13
  IceCv (1/1)             Volcano (visited)

Altars:
Ashenzari
Cheibriados
Dithmenos
Elyvilon
Gozag
Nemelex Xobeh
Okawaru
Ru
Trog
Uskayaw
Wu Jian
Zin
The Shining One
Jiyva

Shops:
D:3 !   D:4 =*   D:12 ([*   D:13 ?   Orc:2 *:[?[

Annotations:
D:13 3 runed translucent doors, 00Nightcrawler's ghost, journeyman VSTm; HilariousDeathArtist's ghost, journeyman VSBe; Lyung's ghost, journeyman DsCj
Lair:4 1 runed translucent door


Innate Abilities, Weirdness & Mutations

You are immune to sickness and miasma.
You are immune to poison.
Your flesh is very heat resistant. (rF++)
You are vulnerable to cold. (rC-)
You float through the air rather than walking.
You learn spells naturally, not from books.
Your magical power is your life essence.
You have superior vitality. (+4 MHP)
You are clumsy. (Dex -2)


Message History

The white very ugly thing is engulfed in freezing vapours.
The white very ugly thing bites you!! The white very ugly thing freezes you!
You resist.
You are too injured to fight recklessly!
You are too injured to fight recklessly!
Unknown command.
You are too injured to fight recklessly!
Unknown command.
You slice the white very ugly thing!! You freeze the white very ugly thing.
You kill the white very ugly thing!
Trog accepts your kill.
Your Armour skill increases to level 11!
Unknown command.
You barely miss the golden dragon simulacrum.
You lop one of the seven-headed hydra simulacrum's heads off!
You slash the six-headed hydra simulacrum!
Unknown command.
Unknown command.
You slice the golden dragon simulacrum!!
The golden dragon simulacrum is heavily damaged.
You lop one of the six-headed hydra simulacrum's heads off!
You slash the five-headed hydra simulacrum!
The golden dragon simulacrum bites you!
* * * LOW HITPOINT WARNING * * *
The golden dragon simulacrum freezes you!!
You resist.
* * * LOW HITPOINT WARNING * * *
You block the golden dragon simulacrum's attack. x2
The five-headed hydra simulacrum bites you.
* * * LOW HITPOINT WARNING * * *
The five-headed hydra simulacrum freezes you!
You resist.
* * * LOW HITPOINT WARNING * * *
The five-headed hydra simulacrum bites you but does no damage.
The five-headed hydra simulacrum misses you.
The five-headed hydra simulacrum bites you.
* * * LOW HITPOINT WARNING * * *
The five-headed hydra simulacrum freezes you!
You resist.
You die...

####
###...#
##.......
##........
##.........
#..@Z...8..
#..ZZ.....[
#∩∩......!$
#.........(
#.......8..
##.........
##........
##.......
###...


You could see a five-headed hydra simulacrum, a lindwurm simulacrum and a golden
dragon simulacrum.

Vanquished Creatures
  A very ugly thing (IceCv)
  A red draconian (Volcano)
  A dire elephant (Lair:5)
  7 hydras
  3 vault guards (D:13)
  Erolcha (Orc:1)
  A catoblepas (Lair:5)
  3 centaur warriors
  3 two-headed ogres
  A deep troll shaman (Lair:5)
  4 death yaks (Lair:5)
  Urug (Orc:1)
  4 orc high priests
  The ghost of Valagong the Blocker, a novice MiFi of Okawaru (D:8)
  3 skeletal warriors (D:13)
  5 orc knights (Orc:2)
  An obsidian statue (Volcano)
  Pikel (D:7)
  3 deep elf pyromancers
  4 lindwurms (Lair:3)
  6 orc sorcerers
  A manticore (D:11)
  A cyclops (D:14)
  A salamander (shapeshifter) (D:13)
  10 ugly things
  16 elephants
  A torpor snail (Lair:2)
  8 black mambas
  A gargoyle (D:12)
  A yaktaur (Volcano)
  A kobold demonologist (D:12)
  9 cane toads
  An anaconda simulacrum (IceCv)
  A rime drake (shapeshifter) (D:13)
  13 komodo dragons
  An unseen horror (D:11)
  2 freezing wraiths (D:14)
  5 rime drakes
  5 trolls
  3 polar bears (Lair:5)
  A golden dragon simulacrum (IceCv)
  5 hornets
  Grinder (D:5)
  8 blink frogs
  A snapping turtle (shapeshifter) (D:8)
  5 dream sheep (Lair:4)
  9 slime creatures (D:13)
  A vampire (D:12)
  3 shadows
  2 wraiths
  57 yaks
  8 wyverns
  5 fire bats (Volcano)
  4 basilisks
  9 humans (D:13)
  6 vampire mosquitoes
  Edmund (D:4)
  4 steam dragons
  A warg (Orc:2)
  2 harpy simulacra (IceCv)
  2 swamp worms (Lair:2)
  An acid dragon (D:9)
  A hydra simulacrum (IceCv)
  19 water moccasins
  20 orc warriors
  3 sky beasts
  7 black bears
  6 centaurs
  8 ogres
  16 wolves
  2 lemures (D:7)
  4 phantoms
  13 bullfrogs
  3 kobold brigands
  2 gnoll sergeants
  A scorpion (D:6)
  25 wights
  13 killer bees
  7 howler monkeys
  6 lava snakes (Volcano)
  6 hounds
  Crazy Yiuf (D:4)
  15 orc priests
  3 sleepcaps
  Ijyb (D:4)
  5 hell rats (Lair:2)
  6 iguanas
  27 orc wizards
  8 adders
  13 gnolls
  5 white imps
  2 ufetubi (D:5)
  3 worms
  7 dart slugs
  75 orcs
  9 ball pythons
  3 endoplasms
  5 giant cockroaches
  8 goblins
  8 hobgoblins
  13 jackals
  A quokka (D:3)
  4 bats
  19 kobolds
  3 rats
678 creatures vanquished.

Vanquished Creatures (collateral kills)
  A hydra (D:8)
  3 wights (D:7)
4 creatures vanquished.

Vanquished Creatures (others)
  An orc wizard (Orc:2)
1 creature vanquished.

Grand Total: 683 creatures vanquished

Notes
Turn   | Place    | Note
-------+----------+-------------------------------------------
     0 | D:1      | SnakkuSnakku7 the Djinni Berserker began the quest for the
                  | Orb.
     0 | D:1      | Reached XP level 1. HP: 20/20 MP: 0/0
   183 | D:1      | Reached XP level 2. HP: 25/25 MP: 0/0
   433 | D:1      | Reached XP level 3. HP: 30/30 MP: 0/0
   433 | D:1      | Learned a level 1 spell: Freeze
   617 | D:1      | Reached skill level 3 in Axes
   944 | D:1      | Reached ** piety under Trog
   954 | D:1      | Identified a scroll of acquirement
   954 | D:1      | Acquired a +4 broad axe of freezing
  1050 | D:2      | Identified the ring "Opnemap" {rF+ rN+ Str+7 Int+6 Dex-5}
  1087 | D:2      | Reached XP level 4. HP: 37/37 MP: 0/0
  1133 | D:2      | Found a faded altar of an unknown god.
  1440 | D:2      | Reached XP level 5. HP: 41/41 MP: 0/0
  1440 | D:2      | Learned a level 2 spell: Searing Ray
  1592 | D:2      | Reached skill level 4 in Axes
  1874 | D:3      | Found Gazuskef's Distillery.
  1891 | D:3      | Bought a potion of heal wounds for 55 gold pieces
  1891 | D:3      | Bought a potion of curing for 33 gold pieces
  1891 | D:3      | Bought a potion of lignification for 33 gold pieces
  2111 | D:3      | Reached XP level 6. HP: 47/47 MP: 0/0
  2427 | D:3      | Reached *** piety under Trog
  2618 | D:4      | Noticed a +0 hand axe
  2618 | D:4      | Noticed a +0 dagger
  2618 | D:4      | Found a hide-covered altar of Uskayaw.
  2632 | D:4      | Reached skill level 5 in Axes
  2678 | D:4      | Noticed Edmund
  2693 | D:4      | Killed Edmund
  2694 | D:4      | Reached XP level 7. HP: 49/52 MP: 0/0
  2694 | D:4      | Learned a level 3 spell: Ignite Poison
  2780 | D:4      | Noticed Ijyb
  2787 | D:4      | Killed Ijyb
  2933 | D:4      | Found Heusara's Jewellery Shop.
  3107 | D:4      | Found an iron altar of Okawaru.
  3144 | D:4      | Reached skill level 6 in Axes
  3254 | D:4      | Found Fumyimiw's CLEARANCE SALE!.
  3258 | D:4      | Bought a potion of lignification for 12 gold pieces
  3258 | D:4      | Bought a scroll of magic mapping for 30 gold pieces
  3258 | D:4      | Bought a scroll of immolation for 16 gold pieces
  3287 | D:4      | Identified the +0 ring mail "Muczyas" {SInv}
  3404 | D:4      | Found a runed translucent door.
  3405 | D:4      | Noticed Crazy Yiuf
  3406 | D:4      | Identified the +8 hammer of Defence by Offence {venom,
                  | +Blink Fly rF+}
  3410 | D:4      | Killed Crazy Yiuf
  3465 | D:5      | Entered Level 5 of the Dungeon
  3495 | D:5      | Reached **** piety under Trog
  3496 | D:5      | Reached XP level 8. HP: 40/58 MP: 0/0
  3694 | D:5      | Reached skill level 7 in Axes
  3849 | D:5      | Noticed Grinder
  3862 | D:5      | Killed Grinder
  3863 | D:5      | Reached skill level 8 in Axes
  4308 | D:5      | Found a staircase to the Ecumenical Temple.
  4916 | D:6      | Found a snail-covered altar of Cheibriados.
  4926 | D:6      | Reached XP level 9. HP: 56/62 MP: 0/0
  4926 | D:6      | Learned a level 3 spell: Volatile Blastmotes
  4933 | D:6      | Reached skill level 9 in Axes
  5476 | D:7      | Noticed Pikel
  5495 | D:7      | Killed Pikel
  5496 | D:7      | Reached skill level 10 in Axes
  5662 | D:7      | Noticed a hornet
  5670 | D:7      | Killed a hornet
  5671 | D:7      | Reached XP level 10. HP: 68/68 MP: 0/0
  5674 | D:7      | Reached skill level 11 in Axes
  5974 | D:7      | Reached ***** piety under Trog
  6000 | D:7      | Reached skill level 12 in Axes
  6005 | D:7      | Found an opulent altar of Gozag.
  7104 | D:8      | Identified the +6 mace "Dragon's Tongue" {venom, rPois rN+}
  7120 | D:8      | Found a glowing golden altar of the Shining One.
  7120 | D:8      | Found a glowing silver altar of Zin.
  7120 | D:8      | Found a white marble altar of Elyvilon.
  7379 | D:8      | Noticed a two-headed ogre
  7381 | D:8      | Noticed Valagong's ghost (novice MiFi)
  7382 | D:8      | Found a transporter.
  7403 | D:8      | Found a transporter.
  7615 | D:9      | Reached skill level 13 in Axes
  7622 | D:9      | Reached XP level 11. HP: 73/73 MP: 0/0
  7622 | D:9      | Learned a level 5 spell: Iskenderun's Battlesphere
  7668 | D:9      | Found a sacrificial altar of Ru.
  7921 | D:9      | Acquired the amulet "Kytt" {rC+ Regen+}
  8238 | D:9      | Found an ornate altar of the Wu Jian Council.
  8460 | D:8      | Noticed a deep elf pyromancer
  8478 | D:8      | Killed a deep elf pyromancer
  8519 | D:8      | Reached skill level 14 in Axes
  8608 | D:8      | Noticed a four-headed hydra
  8623 | D:8      | Killed a four-headed hydra
  8700 | D:8      | Found the +2 pair of slick slippers {slick, slippery, EV+4}
  8857 | D:8      | Identified the +1 long sword "Worm's Wrath" {drain, rF+
                  | Str+5}
  8857 | D:8      | Noticed a centaur warrior
  8866 | D:8      | Killed a centaur warrior
  8940 | D:8      | Found a broken altar of Ashenzari.
  8945 | D:8      | Found a shadowy altar of Dithmenos.
  9284 | D:10     | Entered Level 10 of the Dungeon
  9317 | D:10     | Found a bloodstained altar of Trog.
  9489 | D:10     | Reached skill level 15 in Axes
  9666 | D:10     | Identified the +6 battleaxe "Huxifemm" {flame, *Corrode
                  | Drain rElec rF+++} (Trog gifted it to you on level 10 of
                  | the Dungeon)
  9666 | D:10     | Received a gift from Trog
  9675 | D:10     | Reached XP level 12. HP: 31/78 MP: 0/0
  9841 | D:10     | Noticed a two-headed ogre
  9848 | D:10     | Killed a two-headed ogre
 10196 | D:11     | Identified the staff of poison "Xieman" {rPois Dex+5}
 10400 | D:11     | Reached skill level 16 in Axes
 10569 | D:11     | Found a staircase to the Lair.
 10721 | D:11     | Found a sparkling altar of Nemelex Xobeh.
 10863 | Lair:1   | Entered Level 1 of the Lair of Beasts
 11224 | Lair:1   | Identified the +3 whip of Kismet {freeze, Contam *Slow
                  | rElec Int+7}
 12008 | Lair:1   | Reached XP level 13. HP: 65/83 MP: 0/0
 12008 | Lair:1   | Learned a level 5 spell: Summon Forest
 12030 | Lair:2   | Reached skill level 17 in Axes
 12497 | Lair:2   | Noticed an eight-headed hydra
 12521 | Lair:2   | Killed a ten-headed hydra
 12558 | Lair:2   | Noticed an eight-headed hydra
 12657 | Lair:2   | Killed an 11-headed hydra
 12703 | Lair:2   | Found a staircase to the Swamp.
 12830 | Lair:3   | Reached skill level 18 in Axes
 12865 | Lair:3   | Reached skill level 5 in Fighting
 13036 | Lair:3   | Found a dark tunnel.
 13044 | Volcano  | Entered a volcano
 13174 | Volcano  | Noticed a red draconian
 13202 | Volcano  | Killed a red draconian
 13205 | Volcano  | Found a bloodstained altar of Trog.
 13211 | Volcano  | Noticed a centaur warrior
 13223 | Volcano  | Killed a centaur warrior
 13282 | Volcano  | Gained mutation: You are clumsy. (Dex -2) [a neqoxec]
 13298 | Volcano  | Identified the +2 pair of gloves of the Morning {rC-
                  | Slay+6}
 13485 | Lair:3   | Found a staircase to the Snake Pit.
 13710 | Lair:3   | Identified the +9 short sword "Ychaos" {venom, Will+ Int+3}
 13831 | Lair:3   | Reached XP level 14. HP: 91/99 MP: 0/0
 13839 | Lair:3   | Received a gift from Trog
 14507 | Lair:4   | Reached skill level 10 in Fighting
 14515 | Lair:4   | Reached skill level 1 in Shields
 14742 | Lair:4   | Reached skill level 5 in Shields
 14744 | Lair:4   | Found a runed translucent door.
 14747 | Lair:4   | Found a viscous altar of Jiyva.
 14747 | Lair:4   | Found a staircase to the Slime Pits.
 14747 | Lair:4   | Noticed an azure jelly
 14752 | Lair:4   | Noticed an azure jelly
 15165 | Lair:5   | Entered Level 5 of the Lair of Beasts
 15741 | Lair:5   | Reached XP level 15. HP: 107/107 MP: 0/0
 15741 | Lair:5   | Learned a level 6 spell: Summon Cactus Giant
 15748 | Lair:5   | Reached skill level 10 in Shields
 16418 | Lair:5   | Reached skill level 5 in Armour
 16433 | Lair:5   | Identified the amulet "Puploanu" {Harm Regen+}
 16733 | D:8      | Killed Valagong's ghost
 16882 | D:12     | Received a gift from Trog
 17035 | D:12     | Found Uhoteom's Weapon Shop.
 17035 | D:12     | Found a staircase to the Orcish Mines.
 17037 | D:12     | Found Qarrimep's Armour Shop.
 17196 | D:12     | Found Tebut's Assorted Antiques.
 17212 | D:12     | Bought a potion of resistance for 240 gold pieces
 17212 | D:12     | Bought a scroll of enchant weapon for 180 gold pieces
 17212 | D:12     | Bought a potion of might for 96 gold pieces
 17556 | Orc:1    | Entered Level 1 of the Orcish Mines
 17561 | Orc:1    | Noticed Urug
 17570 | Orc:1    | Killed Urug
 17778 | Orc:2    | Entered Level 2 of the Orcish Mines
 17820 | Orc:2    | Found a staircase to the Elven Halls.
 17919 | Orc:1    | Received a gift from Trog
 17937 | Orc:1    | Noticed Erolcha
 17944 | Orc:1    | Killed Erolcha
 18292 | Orc:2    | Found Kaotan's Armour Emporium.
 18472 | Orc:2    | Found Hoecs's Magic Scroll Boutique.
 18643 | Orc:2    | Found Doqawk's General Store.
 18648 | Orc:2    | Reached skill level 10 in Armour
 18652 | Orc:2    | Found Hifune's Antique Armour Shoppe.
 18657 | Orc:2    | Found Orhire's Book Shoppe.
 18671 | Orc:2    | Bought a scroll of acquirement for 520 gold pieces
 18675 | Orc:2    | Bought a scroll of teleportation for 30 gold pieces
 18675 | Orc:2    | Bought a scroll of teleportation for 30 gold pieces
 18675 | Orc:2    | Bought a scroll of blinking for 75 gold pieces
 18675 | Orc:2    | Bought a scroll of blinking for 75 gold pieces
 18675 | Orc:2    | Acquired a manual of Armour
 18988 | D:13     | Reached ****** piety under Trog
 19057 | D:13     | Reached XP level 16. HP: 109/113 MP: 0/0
 19156 | D:13     | Reached skill level 5 in Dodging
 19342 | D:13     | Received a gift from Trog
 19435 | D:13     | Found a gate to the Vaults.
 19438 | D:13     | Identified the +5 glaive of Guile {heavy, *Rage rC+ rCorr
                  | Dex+2}
 19446 | D:13     | Identified the +7 plate armour of the Realm of Zot {rN+}
 19589 | D:13     | Found a runed translucent gate.
 19589 | D:13     | Found a runed translucent gate.
 19589 | D:13     | Found a runed translucent gate.
 19589 | D:13     | Noticed a lich
 19590 | D:13     | Noticed a lich
 19591 | D:13     | Noticed 00Nightcrawler's ghost (journeyman VSTm)
 19591 | D:13     | Noticed Lyung's ghost (journeyman DsCj)
 19592 | D:13     | Noticed HilariousDeathArtist's ghost (journeyman VSBe)
 19625 | D:13     | Found Jiumipou's Magic Scroll Shop.
 19628 | D:13     | Bought a scroll of fear for 64 gold pieces
 19628 | D:13     | Bought a scroll of fear for 64 gold pieces
 19628 | D:13     | Bought 2 scrolls of blinking for 240 gold pieces
 20070 | D:14     | Found a frozen archway.
 20090 | IceCv    | Entered an ice cave
 20102 | IceCv    | HP: 8/169 [five-headed hydra simulacrum (2)]
 20102 | IceCv    | Mangled by a five-headed hydra simulacrum

Illustrated notes

Levels and vault maps discovered:
D:1:      dpeg_arrival_concentric_ovals, layout_basic, kennysheep_doodads
D:2:      layout_basic, basic_ecumenical_altar
D:3:      minmay_chambers_of_threes, layout_basic, serial_shops, shop,
          ebering_dispersal_statue_hall, amcnicky_mini_corridor_feature
D:4:      layout_loops_ring, okawaru_ov_weapons_minmay,
          kiku_gazebo_garden_becter, dancing_weapons_uskayaw, serial_shops,
          nicolae_diamond_shop, fountainhead, nicolae_shop_clearance, uniq_ijyb,
          uniq_crazy_yiuf_cottage, uniq_edmund
D:5:      layout_rooms, minmay_temple_entry_statues_pillars,
          serial_co_window_serial, co_window_paths_b, co_window_paths_b,
          co_window_paths_a, co_window_paths_b, co_window_of_opportunity_a,
          co_window_of_opportunity_a, co_window_paths_a, co_window_2corner,
          co_window_paths_c, co_window_unsneaky_path_e,
          co_window_of_opportunity_b, co_window_broadway_b,
          co_window_of_opportunity_b, co_window_4corner_a, glass_columns_b,
          glass_columns_c, glass_columns_a, minmay_misc_feat_ornament,
          hangedman_decor_opposing, dreamdust_gnoll_farm, uniq_grinder
D:6:      layout_rooms, kennysheep_slug_shrine, mrwooster_statue_mirror
D:7:      layout_layer_cave, nicolae_overflow_crystal_walls, uniq_pikel
D:8:      minmay_the_grid_triangle_9x9_recursive_2
          [minmay_the_grid_triangle_9x9_prize_schism,
          minmay_the_grid_triangle_9x9_dagger,
          minmay_the_grid_triangle_9x9_from_above,
          minmay_the_grid_triangle_9x9_odd_lines], layout_gridville,
          dreamdust_divine_triumvirate, amethyst_overflow_temple_binary,
          gammafunk_ghost_smash, minmay_joined_circles
D:9:      layout_rooms, jmf_multi_god_temple, marbit_many_paths,
          hangedman_ru_absence, minmay_misc_feat_secret_circle
D:10:     layout_grid_maze, lemuel_round_altar
D:11:     layout_rooms, lair_entry_dummy, nemelex_altar_shiori
D:12:     layout_long_grid, orc_david_3, serial_shops, shop
D:13:     layout_loops_ring, ximxim_vaults_locker_room, serial_shops,
          nicolae_shop_rolled_up, gammafunk_ghost_crypt, grunt_decor_arrowhead
D:14:     layout_loops_ring, portal_ice_cave_entry_frozen_things,
          kennysheep_nondescript, nicolae_wu_jian_wuxing_cycle
Lair:1:   layout_cave_pods, chequers_serial_rivers_marsh
Lair:2:   layout_regular_city, palyth_hydra_swamp_entry, serial_bayou_shore_b,
          infiniplex_staircase_pool
Lair:3:   layout_small_grid, guppyfry_snake_entry_island,
          nicolae_volcano_entry_hallway, minmay_lindwurm_lava,
          grunt_megastairs_4
Lair:4:   layout_cave_pods, slime_entry_2, nicolae_quartered_pool_impasse,
          chequers_serial_rivers_small_b, beast_lair_carwin_2
Lair:5:   grunt_lair_end_beastmaster, layout_regular_city
Orc:1:    layout_diamond_mine, uniq_erolcha, uniq_urug
Orc:2:    st_orc_elflike, layout_caves, serial_shops, shop
IceCv:    ice_cave_statue_garden_transporter

Skill      XL: |  1  2  3  4  5  6  7  8  9 10 11 12 13 14 15 16 |
---------------+-------------------------------------------------+-----
Axes           | 3 4 5 6 8 10 13 15 16 18 | 18.0
Fighting       | 4 8 10 | 10.0
Shields        | 9 10 | 10.0
Armour         | 10 11 | 11.0
Dodging        | 4 8 |  8.1

Action                     |  1- 3 |  4- 6 |  7- 9 | 10-12 | 13-15 | 16-18 || total
---------------------------+-------+-------+-------+-------+-------+-------++-------
  Melee: Hand axe          |    95 |       |       |       |       |       ||    95
         Broad axe         |    10 |   107 |   206 |   423 |   747 |   109 ||  1602
         Punch             |       |       |     2 |     1 |       |       ||     3
         Battleaxe         |       |       |       |    78 |       |       ||    78
 Invoke: Berserk           |       |     1 |     3 |     9 |    13 |     3 ||    29
         Brothers in Arms  |       |       |       |     2 |     1 |       ||     3
         Trog's Hand       |       |       |       |     1 |       |       ||     1
  Evoke: Wand              |       |       |     2 |     1 |     9 |       ||    12
    Use: Scroll            |     3 |       |     8 |    13 |     9 |     1 ||    34
         Potion            |       |       |       |     2 |     2 |       ||     4
   Stab: Paralysed         |       |       |       |       |     5 |       ||     5
 Armour: Chain mail        |     6 |       |       |       |       |       ||     6
         Animal skin       |     1 |       |       |       |       |       ||     1
         Plate armour      |    92 |    66 |   167 |   253 |   373 |    43 ||   994
  Dodge: Dodged            |    33 |    34 |    88 |   173 |   169 |    25 ||   522
  Block: Buckler           |       |       |       |    12 |    52 |       ||    64
         Kite shield       |       |       |       |       |   117 |    48 ||   165
